 Dungeon Crawl Stone Soup version 0.25-a0-786-g5b70d41e48 (webtiles) character file.

Game seed: 13510941398403178838, levelgen mode: deterministic

422 Fukker the Cudgeler (level 7, -1/52 HPs)
             Began as a Formicid Fighter on Apr 18, 2020.
             Slain by a leopard gecko (3 damage)
             ... on level 4 of the Dungeon.
             The game lasted 00:06:32 (2944 turns).

Fukker the Cudgeler (Formicid Fighter)              Turns: 2944, Time: 00:06:33

Health: -1/52      AC:  4    Str: 22    XL:     7   Next: 17%
Magic:  7/7        EV:  9    Int:  8    God:
Gold:   139        SH:  9    Dex: 10    Spells: 6/6 levels left

rFire    . . .     SeeInvis +   j - +1 flail (vorpal)
rCold    . . .     Gourm    .   c - +0 kite shield
rNeg     . . .     Faith    .   A - +0 leather armour {MR+}
rPois    .         Spirit   .   (helmet unavailable)
rElec    .         Reflect  .   B - +0 cloak
rCorr    .         Harm     .   (no gloves)
MR       +....                  (no boots)
Stlth    +.........             (no amulet)
HPRegen  0.17/turn              (no ring)
MPRegen  0.10/turn              (no ring)

@: no status effects
A: permanent stasis, dig shafts and tunnels, four strong arms, antennae 3
a: Dig, Shaft Self


You were on level 4 of the Dungeon.
You were not hungry.

You visited 1 branch of the dungeon, and saw 4 of its levels.

You collected 139 gold pieces.

Inventory:

Hand Weapons
 a - a +0 war axe
 j - a +1 vorpal flail (weapon)
 m - a +0 whip of pain
 v - a +1 hand axe of holy wrath
Missiles
 e - 133 stones
 n - 10 bolts
 q - 11 poisoned darts (quivered)
 s - 2 boomerangs
 t - 21 arrows
Armour
 b - a +0 scale mail
 c - a +0 kite shield (worn)
 x - a +0 plate armour
 A - a +0 leather armour of magic resistance (worn)
 B - a +0 cloak (worn)
Scrolls
 g - a scroll of enchant weapon {unknown}
 k - 2 scrolls of enchant armour
 l - 4 scrolls of remove curse
 p - 3 scrolls of teleportation {unknown}
 r - a scroll of amnesia {unknown}
 w - a scroll of blinking {unknown}
 y - a scroll of fear
Potions
 d - a potion of might
 i - a potion of magic {unknown}
 o - a potion of brilliance {unknown}
 u - a potion of degeneration {unknown}
 z - a potion of invisibility {unknown}
Comestibles
 f - 6 rations
 h - 2 chunks of flesh


   Skills:
 - Level 3.3 Fighting
 - Level 4.0(5.3) Axes
 * Level 5.2(5.9) Maces & Flails
 * Level 1.4 Throwing
 - Level 3.3 Armour
 - Level 1.0 Stealth
 - Level 3.6 Shields


You had 6 spell levels left.
You didn't know any spells.
Your spell library contained the following spells:

 Spells                   Type           Power        Failure   Level  Hunger
 Recall                   Summ/Tloc      N/A          99%         3    ####...
 Aura of Abjuration       Summ           #.........   100%        5    ######.
 Summon Demon             Summ           #.........   100%        5    ######.
 Summon Forest            Summ/Tloc      #.........   100%        5    ######.
 Summon Mana Viper        Hex/Summ       #.......     100%        5    ######.
 Shadow Creatures         Summ           N/A          100%        6    #######


Dungeon Overview and Level Annotations

Branches:
Dungeon (4/15)
 Temple: D:4-7

Altars:


Innate Abilities, Weirdness & Mutations

You cannot be hasted, slowed, berserked, paralysed or teleported.
You can dig through walls and to a lower floor.
Your four strong arms can wield two-handed weapons with a shield.
You have a pair of large antennae on your head. (SInv)


Message History

You hit the frilled lizard.
You kill the frilled lizard!
You block the frilled lizard's attack.
You hit the frilled lizard.
You kill the frilled lizard!
The leopard gecko hisses menacingly.
The leopard gecko bites you.
* * * LOW HITPOINT WARNING * * *
You barely miss the leopard gecko. You block the leopard gecko's attack.
You hit the leopard gecko.
The leopard gecko is almost dead.
You block the leopard gecko's attack.
You closely miss the leopard gecko.
The leopard gecko is almost dead.
The leopard gecko barely misses you.
You barely miss the leopard gecko.
The leopard gecko is almost dead.
You block the leopard gecko's attack. The leopard gecko barely misses you.
The leopard gecko bites you.
You die...

###########........#
..................#
#.........######.#
#..........# #+#
#........#+###
#............# .
#............# ..
#............# ...
#..........l@# ....
#........###l## .)?..
############..#......
#........#
#.......†P#
#..$...#P....
########.P.P..#
#.PP..! ....##


You could see 2 leopard geckos.

Vanquished Creatures
  A big kobold (D:3)
  Crazy Yiuf (D:3)
  A centaur skeleton (D:4)
  An iguana (D:4)
  Terence (D:2)
  3 worker ants (D:4)
  7 adders
  3 oozes
  4 dart slugs
  3 leopard geckos
  6 orcs (D:3)
  A ball python (D:2)
  10 bats
  6 giant cockroaches
  6 goblins
  8 hobgoblins
  9 kobolds
  4 quokkas
  10 frilled lizards
  13 rats
98 creatures vanquished.

Notes
Turn   | Place    | Note
-------+----------+-------------------------------------------
     0 | D:1      | Fukker the Formicid Fighter began the quest for the Orb.
     0 | D:1      | Reached XP level 1. HP: 18/18 MP: 1/1
   116 | D:1      | Reached XP level 2. HP: 19/24 MP: 2/2
   279 | D:1      | Reached XP level 3. HP: 29/29 MP: 3/3
   636 | D:2      | Noticed Terence
   646 | D:2      | Killed Terence
   646 | D:2      | Reached skill level 1 in Stealth
   646 | D:2      | Reached XP level 4. HP: 21/35 MP: 4/4
   933 | D:2      | Reached skill level 1 in Maces & Flails
  1252 | D:2      | Reached XP level 5. HP: 39/41 MP: 5/5
  1445 | D:3      | Reached skill level 2 in Maces & Flails
  2162 | D:3      | Noticed a big kobold
  2168 | D:3      | Killed a big kobold
  2168 | D:3      | Reached skill level 3 in Maces & Flails
  2168 | D:3      | Reached XP level 6. HP: 47/47 MP: 6/6
  2204 | D:3      | Reached skill level 1 in Throwing
  2205 | D:3      | Reached skill level 4 in Maces & Flails
  2306 | D:3      | Found a runed translucent door.
  2307 | D:3      | Noticed Crazy Yiuf
  2323 | D:3      | Killed Crazy Yiuf
  2602 | D:4      | HP: 2/47 [poisoned by a worker ant]
  2868 | D:4      | Reached XP level 7. HP: 47/52 MP: 7/7
  2876 | D:4      | Reached skill level 5 in Maces & Flails
  2940 | D:4      | HP: 1/52 [leopard gecko (3)]
  2944 | D:4      | Slain by a leopard gecko

Levels and vault maps discovered:
D:1:      dpeg_arrival_more_subterranean_lakeside_camping, layout_basic,
          minmay_vboxes
D:2:      layout_basic, first_ration, chequers_serial_rivers_room_b,
          kennysheep_potato, uniq_terence
D:3:      minmay_chambers_of_threes, layout_loops_ring, uniq_crazy_yiuf_cottage
D:4:      layout_basic, minmay_lizard_king

Skill      XL: |  1  2  3  4  5  6  7 |
---------------+----------------------+-----
Axes           | 3 4 |  4.0
Stealth        | 1 |  1.0
Maces & Flails | 1 3 4 5 |  5.2
Throwing       | 1 |  1.4
Fighting       | |  3.3
Armour         | |  3.3
Shields        | |  3.6

Action                   |  1- 3 |  4- 6 |  7- 9 || total
-------------------------+-------+-------+-------++-------
Melee: War axe           |    83 |       |       ||    83
       Flail             |       |   183 |    36 ||   219
Throw: Dart              |       |    13 |     2 ||    15
  Use: Scroll            |       |     3 |       ||     3
       Potion            |       |     1 |       ||     1
  Eat: Chunk             |       |     7 |       ||     7
Armor: Scale mail        |    29 |    46 |       ||    75
       Leather armour    |       |     8 |     4 ||    12
Dodge: Dodged            |    27 |    55 |    13 ||    95
Block: Kite shield       |    32 |   103 |    26 ||   161

Table legend:
 A = Non-vault XP
 B = Vault XP
 C = Vault XP percentage of total XP
 D = Non-vault monster count
 E = Vault monster count
 F = Vault count percentage of total count
                 A         B        C        D         E       F
            +---------+---------+-------+---------+---------+-------
      Total |     356 |     248 |  41.1 |      69 |      29 |  29.6
            +---------+---------+-------+---------+---------+-------
        D:1 |      34 |      10 |  22.7 |      16 |       7 |  30.4
        D:2 |      63 |      40 |  38.8 |      27 |       4 |  12.9
        D:3 |      87 |     155 |  64.0 |      19 |      13 |  40.6
        D:4 |     172 |      43 |  20.0 |       7 |       5 |  41.7
            +---------+---------+-------+---------+---------+-------
